 Dungeon Crawl Stone Soup version 0.29.1-12-g30fa7ad0bf (webtiles) character file.

Game seed: 3947372237244307793

38 hawla the Firebug (level 3, -1/27 HPs)
             Began as a Meteoran Fire Elementalist on Dec 27, 2022.
             Frozen to death by an endoplasm (5 damage)
             ... on level 3 of the Dungeon.
             The game lasted 00:02:27 (285 turns).

hawla the Firebug (Meteoran Fire Elementalist)       Turns: 285, Time: 00:02:29

Health: -1/27      AC:  3    Str:  6 (9)  XL:     3   Next: 91%
Magic:  1/8        EV: 12    Int: 17 (18) God:
Gold:   51         SH:  0    Dex: 13 (15) Spells: 5/8 levels left

rFire   . . .      SeeInvis +   (no weapon)
rCold   . . .      Faith    .   (no shield)
rNeg    . . .      Spirit   .   a - +0 robe
rPois   .          Reflect  .   (no helmet)
rElec   .          Harm     .   (no cloak)
rCorr   .          Rampage  .   g - +0 pair of gloves
Will    +....                   (no boots)
Stlth   +.........              (no amulet)
HPRegen 0.09/turn               d - ring of see invisible
MPRegen 0.11/turn               f - ring of willpower

@: attractive, hasted, glowing, very quick
A: sense surroundings 1, otherworldly, glowing, explore regen
a: no special abilities


You were on level 3 of the Dungeon.
You visited 1 branch of the dungeon, and saw 3 of its levels.

You collected 51 gold pieces.

Inventory:

Armour
 a - a +0 robe (worn)
 g - a +0 pair of gloves (worn)
Jewellery
 d - a ring of see invisible (left hand)
 f - a ring of willpower (right hand)
Potions
 b - a potion of magic
 e - a potion of attraction


   Skills:
 + Level 0.4 Fighting
 + Level 2.5 Dodging
 - Level 1.4 Stealth
 + Level 3.4 Spellcasting
 + Level 1.4 Conjurations
 + Level 4.6 Fire Magic


You had 5 spell levels left.
You knew the following spells:

 Your Spells              Type           Power      Damage    Failure   Level
a - Foxfire               Conj/Fire      52%        2x1d6     4%          1
b - Scorch                Fire           36%        2d7       3%          2

Your spell library contained the following spells:

 Spells                   Type           Power      Damage    Failure   Level
 Conjure Flame            Conj/Fire      13%        6-21      14%         3
 Summon Small Mammal      Summ           8%         N/A       17%         1
 Inner Flame              Hex/Fire       10%        N/A       19%         3
 Flame Wave               Conj/Fire      13%        2d6       43%         4
 Call Canine Familiar     Summ           2%         N/A       45%         3
 Summon Guardian Golem    Hex/Summ       2%         N/A       45%         3


Dungeon Overview and Level Annotations

Branches:
Dungeon (3/15) Zot: 1527

Altars:
Okawaru


Innate Abilities, Weirdness & Mutations

You passively map a small area around you.
You are easily found by Zot.
You glow in the dark.
You regain HP and MP as you explore.


Message History

Confirm with . or Enter, or press ? or * to list all spells.
You conjure some foxfire!
The foxfire hits the kobold.
The kobold is moderately wounded.
The foxfire hits the kobold but does no damage.
The kobold is moderately wounded.
The dart slug barely misses you. The kobold barely misses you.
The endoplasm is attracted toward you.
The foxfire hits the dart slug.
The dart slug is heavily wounded.
The foxfire hits the dart slug.
The dart slug is severely wounded.
The orc is attracted toward you. The endoplasm is attracted toward you.
The endoplasm freezes you.
You are frozen.
* * * LOW HITPOINT WARNING * * *
The kobold is attracted toward you. The orc is attracted toward you.
The kobold closely misses you.
Found a stone staircase leading up.
The endoplasm hits you.
* * * LOW HITPOINT WARNING * * *
The kobold is attracted toward you. The endoplasm is attracted toward you.
The orc is attracted toward you. The dart slug is attracted toward you.
The dart slug is attracted toward you. The orc is attracted toward you.
The kobold is attracted toward you. The endoplasm is attracted toward you.
The orc is attracted toward you. The dart slug is attracted toward you.
Casting: Foxfire (safe; 4% risk of failure)
Confirm with . or Enter, or press ? or * to list all spells.
Flames lash the kobold.
You kill the kobold!
The endoplasm freezes you.
You are frozen.
* * * LOW HITPOINT WARNING * * *
Casting: Scorch (safe; 3% risk of failure)
Confirm with . or Enter, or press ? or * to list all spells.
You conjure some foxfire!
The orc hits you with a +0 short sword.
* * * LOW HITPOINT WARNING * * *
The endoplasm freezes you.
You are frozen.
You die...

#.###.§§..o§...##)..####
.....§§§o§§§....)).....#
.##...###########..#§#.##
....### #...........#
####* #..(?..§.####
#.....§..# #....w§..#
#...Jo...# #...@v...#
#....v...# #...<....#
#........# #........#
##########


You could see a dart slug, an orc (ally target) and an endoplasm.

Vanquished Creatures
  An adder (D:2)
  6 orcs (D:3)
  2 ball pythons
  2 endoplasms
  A goblin (D:2)
  A hobgoblin (D:1)
  2 jackals (D:3)
  4 kobolds
  A quokka (D:2)
20 creatures vanquished.

Vanquished Creatures (others)
  52 foxfires
52 creatures vanquished.

Grand Total: 72 creatures vanquished

Notes
Turn   | Place    | Note
-------+----------+-------------------------------------------
     0 | D:1      | hawla the Meteoran Fire Elementalist began the quest for
                  | the Orb.
     0 | D:1      | Reached XP level 1. HP: 14/14 MP: 5/5
   122 | D:2      | Reached XP level 2. HP: 20/20 MP: 4/7
   124 | D:2      | Reached skill level 4 in Fire Magic
   139 | D:2      | Found an iron altar of Okawaru.
   160 | D:2      | Reached XP level 3. HP: 26/26 MP: 4/8
   163 | D:2      | Learned a level 2 spell: Scorch
   285 | D:3      | Frozen to death by an endoplasm

Illustrated notes

Levels and vault maps discovered:
D:1:      roderic_crop_circles_arrival_small, layout_basic,
          hellmonk_ecumenical_altar_watching_god, palyth_stone_intersect
D:2:      layout_rooms, basic_altar, uniq_terence
D:3:      layout_rooms, minmay_misc_feat_secret_circle, grunt_decor_cap,
          minmay_misc_feat_enclosed, minmay_pentangle

Skill      XL: |  1  2 |
---------------+-------+-----
Spellcasting   | 3 |  3.4
Fire Magic     | 4 |  4.6
Fighting       | |  0.4
Dodging        | |  2.5
Stealth        | |  1.4
Conjurations   | |  1.4

Action                   || total
-------------------------++-------
Melee: Unarmed           ||     2
 Cast: Foxfire           ||    32
       Scorch            ||     5
  Use: Potion            ||     3
Armor: Robe              ||     8
Dodge: Dodged            ||    13
